 Dungeon Crawl Stone Soup version 0.17-a0-1403-g9df874c (webtiles) character file.

72 urechis the Poker (level 4, 0/33 HPs)
             Began as a Merfolk Gladiator on June 20, 2015.
             Splashed by a jelly's acid (9 damage)
             ... on level 3 of the Dungeon.
             The game lasted 00:02:22 (2263 turns).

urechis the Poker (Merfolk Gladiator)               Turns: 2263, Time: 00:02:22

Health: 0/33       AC: -5    Str: 15    XL:     4   Next: 25%
Magic:  4/4        EV: 13    Int:  7    God:
Gold:   208        SH:  0    Dex: 15    Spells: 0 memorised, 3 levels left

rFire  . . .     SeeInvis .     a - +0 trident
rCold  . . .     Clarity  .     b - +0 leather armour
rNeg   . . .     SustAt   .     (no shield)
rPois  .         Gourm    .     c - +0 helmet
rElec  .         Spirit   .     (no cloak)
rCorr  .         Warding  .     l - +0 pair of gloves
rMut   .         Stasis   .     (no boots)
MR     .....                    (no amulet)
Stlth  +.........               (no ring)
                                (no ring)

@: corroded equipment, not resistant to hostile enchantments, very unstealthy
A: change form in water, swift swim
a: no special abilities


You were on level 3 of the Dungeon.
You were not hungry.

You visited 1 branch of the dungeon, and saw 3 of its levels.

You collected 208 gold pieces.

Inventory:

Hand weapons
 a - a +0 trident (weapon)
Missiles
 e - 4 throwing nets (quivered)
Armour
 b - a +0 leather armour (worn)
 c - a +0 helmet (worn)
 l - a +0 pair of gloves (worn)
Jewellery
 o - an uncursed ring of stealth {unknown}
Scrolls
 g - a scroll of immolation {unknown}
 n - a scroll of random uselessness {unknown}
 p - a scroll of recharging {unknown}
 q - a scroll of remove curse {unknown}
 r - a scroll of amnesia {unknown}
Potions
 h - 2 potions of agility {unknown}
 i - 2 potions of curing {unknown}
 j - a potion of heal wounds {unknown}
 k - a potion of poison {unknown}
 m - 2 potions of cancellation {unknown}
Comestibles
 d - 4 bread rations
 f - 6 fruits


   Skills:
 - Level 2.1 Fighting
 + Level 7.2 Polearms
 - Level 2.0 Throwing
 - Level 4.0 Dodging


You had 3 spell levels left.
You didn't know any spells.

Dungeon Overview and Level Annotations

Branches:
Dungeon (3/15)

Altars:
Elyvilon
Vehumet


Message History

The orc is moderately wounded.
The orc hits you.
You closely miss the orc.
The orc is moderately wounded.
The orc closely misses you.
You closely miss the orc.
The orc is moderately wounded.
The orc closely misses you.
You puncture the orc!
You kill the orc!
You hit the jelly. The acid corrodes you!
Your hands burn!
The jelly is heavily wounded.
The jelly hits you.
You are splashed with acid!
The acid corrodes you!
The acid burns!
You hit the jelly.
Your hands burn!
The jelly is almost dead.
The jelly hits you.
* * * LOW HITPOINT WARNING * * *
You are splashed with acid!
The acid burns!
You die...

.........##
.........# ...#
........#######..##
####.÷..#.)..(#...#
...'....'.....#...#
####...#########..#
# #...# ......#..#
# #...# .....KJ..#
# #...# #@(# #
##+.#########..# #
#..).'†....#...# #
#....#.)...#.### #
#....#######.#
#.....#...#..#
#....)##)##.##
##+##..#'#..# ###
##.....##


You could see a jelly and a kobold.

Vanquished Creatures
  2 adders (D:3)
  2 orcs (D:3)
  2 ball pythons
  5 giant cockroaches
  8 goblins
  10 hobgoblins
  4 kobolds
  2 quokkas (D:3)
  5 bats
  4 giant newts
  4 rats
48 creatures vanquished.

Notes
Turn   | Place    | Note
--------------------------------------------------------------
     0 | D:1      | urechis the Merfolk Gladiator began the quest for the Orb.
     0 | D:1      | Reached XP level 1. HP: 16/16 MP: 1/1
   405 | D:1      | Reached skill level 5 in Polearms
   615 | D:1      | Reached XP level 2. HP: 22/22 MP: 2/2
  1256 | D:2      | Found a radiant altar of Vehumet.
  1258 | D:2      | Found a white marble altar of Elyvilon.
  1524 | D:2      | Reached skill level 6 in Polearms
  1524 | D:2      | Reached XP level 3. HP: 25/27 MP: 3/3
  2071 | D:3      | Reached XP level 4. HP: 25/33 MP: 4/4
  2116 | D:3      | Reached skill level 7 in Polearms
  2263 | D:3      | Splashed by a jelly's acid

Vault maps used:
D:1:      sevenhm_arrival_forest_fort_large_2
D:2:      nicolae_overflow_hidden_temple
D:3:      minmay_misc_feat_doors, minmay_misc_feat_secret_circle,
          minmay_divided_ellipse

Action                   |  1- 3 |  4- 6 || total
-------------------------+-------+-------++-------
Melee: Trident           |   125 |    29 ||   154
 Stab: Sleeping          |     1 |       ||     1
  Eat: Chunk             |     3 |     1 ||     4
